 Dungeon Crawl Stone Soup version 0.25-a0-62-g88673ef095 (webtiles) character file.

Game seed: 13548850187437614043, levelgen mode: deterministic

1061 iamserjio the Ducker (level 8, -6/57 HPs)
             Began as an Octopode Abyssal Knight on Oct 29, 2019.
             Was an Elder of Lugonu.
             Mangled by an orc
             ... wielding a +0 flail
              (9 damage)
             ... on level 6 of the Dungeon.
             The game lasted 00:08:08 (5883 turns).

iamserjio the Ducker (Octopode Abyssal Knight)      Turns: 5883, Time: 00:08:09

Health: -6/57      AC:  1    Str: 13    XL:     8   Next: 27%
Magic:  11/11      EV: 16    Int: 14    God:    Lugonu [****..]
Gold:   257        SH:  0    Dex: 12    Spells: 5/9 levels left

rFire    . . .     SeeInvis .   a - +1 short sword
rCold    + . .     Gourm    .   (no shield)
rNeg     . . .     Faith    .   (helmet restricted)
rPois    .         Spirit   .   (no amulet)
rElec    .         Reflect  .   f - ring of attention (curse)
rCorr    .         Harm     .   A - ring of protection from cold
MR       .....                  I - ring of flight
Stlth    +.........             (no ring)
HPRegen  0.19/turn              (no ring)
MPRegen  0.12/turn              (no ring)
                                (no ring)
                                (no ring)

@: flying
A: almost no armour, stealthy swim, amphibious, 8 rings, constrict 8, camouflage
1, gelatinous body 1
a: Depart the Abyss, Bend Space, Banish, Corrupt, Renounce Religion


You were on level 6 of the Dungeon.
You worshipped Lugonu.
Lugonu was greatly pleased with you.
You were not hungry.

You visited 1 branch of the dungeon, and saw 6 of its levels.
You visited the Abyss 1 time.

You collected 257 gold pieces.

Inventory:

Hand Weapons
 a - a +1 short sword (weapon)
 i - a +0 hunting sling
 o - a +3 whip
 y - a +0 flail
 B - the +4 hunting sling of Onobikka {velocity, +Inv Int+3 Dex+4 Stlth-}
   (You found it on level 4 of the Dungeon)

   Any stone fired from it inflicts extra damage.
   It affects your intelligence (+3).
   It affects your dexterity (+4).
   It lets you turn invisible.
   It makes you less stealthy.
 H - a +1 dagger of venom
Missiles
 e - 23 sling bullets
 j - 2 throwing nets (quivered) {!f}
 k - 24 poisoned darts
 n - 52 arrows
 p - 5 boomerangs
 C - 89 stones
Jewellery
 f - a cursed ring of attention (left tentacle)
 A - a ring of protection from cold (right tentacle)
 F - a cursed amulet of inaccuracy {unknown}
 I - a ring of flight (on tentacle)
Wands
 r - a wand of acid (8)
 v - a wand of disintegration (4)
Scrolls
 d - a scroll of magic mapping {unknown}
 h - 3 scrolls of identify {unknown}
 l - 2 scrolls of teleportation {unknown}
 m - a scroll of random uselessness {unknown}
 t - 2 scrolls of amnesia {unknown}
 u - a scroll of enchant weapon {unknown}
 w - 3 scrolls of remove curse {unknown}
 E - 2 scrolls of enchant armour {unknown}
 G - a scroll of fog {unknown}
 K - 2 scrolls of immolation {unknown}
 L - a scroll of fear {unknown}
Potions
 c - a potion of curing {unknown}
 g - a potion of heal wounds {unknown}
 q - a potion of berserk rage {unknown}
 s - a potion of might {unknown}
 x - a potion of invisibility {unknown}
 z - 3 potions of flight
 D - a potion of ambrosia {unknown}
Comestibles
 b - 7 rations
 J - 5 chunks of flesh


   Skills:
 + Level 5.7 Fighting
 - Level 2.0 Short Blades
 * Level 5.8 Dodging
 * Level 1.2 Spellcasting
 * Level 1.4 Hexes
 * Level 1.3 Necromancy
 - Level 3.0 Invocations
 + Level 4.7 Evocations


You had 5 spell levels left.
You knew the following spells:

 Your Spells              Type           Power        Failure   Level  Hunger
a - Confusing Touch       Hex            #.....       14%         1    ##.....
b - Animate Skeleton      Necr           N/A          14%         1    ##.....
c - Corona                Hex            #......      14%         1    ##.....
d - Apportation           Tloc           #.....       26%         1    ##.....

Your spell library contained the following spells:

 Spells                   Type           Power        Failure   Level  Hunger
 Summon Small Mammal      Summ           #...         26%         1    ##.....


Dungeon Overview and Level Annotations

Branches:
Dungeon (6/15)
 Temple: D:4-7

Altars:
Ashenzari
Elyvilon
Nemelex Xobeh
Qazlal
Sif Muna
Wu Jian
Xom
Zin
The Shining One

Annotations:
D:2 Sigmund
D:5 2 transporters, forest's ghost, amateur SpAs


Innate Abilities, Weirdness & Mutations

You cannot wear most types of armour.
You are very stealthy in the water. (Stealth+)
You are amphibious.
You can wear up to eight rings at the same time.
You can use your tentacles to constrict eight enemies at once.
Your skin changes colour to match your surroundings (Stealth+).
Your rubbery body absorbs attacks. (AC +1, EV +1)


Message History

Some of the chunks of flesh in your inventory have rotted away.
You hit the hound zombie. You constrict the hound zombie.
You destroy the hound zombie!
The orc wizard casts a spell.
The orc wizard flickers and vanishes!
Deactivating autopickup; reactivate with Ctrl-A.
The orc hits you with a +0 flail!
* * * LOW HITPOINT WARNING * * *
You hit the orc but do no damage. You grab the orc.
You constrict the orc, but do no damage.
The orc hits you with a +0 flail!
* * * LOW HITPOINT WARNING * * *
Okay, then.
Okay, then.
Okay, then.
It was a potion of flight.
You feel very buoyant.
You fly up into the air.
You constrict the orc. The orc hits you with a +0 flail!
You die...

#...............##..#....#.###.
###.....##......##..#.....^.>..
##.#....##.###.#.....#####....
#..#.............#..).# ##..o
#..##..###.....# #.#.## #..#
##.##....#.....# ###..# ###..#
#..#......##.#####..####...##
#......#...#.##.#.o...o...##
###..####.##@##..o.o..#.###
#### #..#o##)#..#.####
#...{o.)###### #.....#o....#
###...##..### #..###.## ##.#
### ###


You could see 3 orcs.

Vanquished Creatures
  2 ogres (D:5)
  A bullfrog (D:6)
  2 scorpions
  A howler monkey (D:4)
  A crimson imp (D:6)
  3 hounds (D:5)
  An orc priest (D:5)
  6 orc wizards
  A bullfrog skeleton (D:6)
  3 iguanas
  A worker ant (D:4)
  2 hound zombies
  A worker ant zombie (D:5)
  A howler monkey zombie (D:5)
  7 adders
  A shadow imp (D:5)
  5 oozes
  A worm (D:1)
  A dart slug (D:3)
  2 leopard geckos (D:4)
  24 orcs
  7 giant cockroaches
  7 goblins
  4 hobgoblins
  4 jackals
  4 quokkas
  2 ball pythons (D:4)
  4 bats
  3 frilled lizards
  A jackal zombie (D:5)
  4 kobolds
  A leopard gecko zombie (D:4)
  A quokka skeleton (D:4)
  A quokka zombie (D:5)
  6 rats
116 creatures vanquished.

Vanquished Creatures (others)
  An orc wizard (D:5)
1 creature vanquished.

Grand Total: 117 creatures vanquished

Notes
Turn   | Place    | Note
-------+----------+-------------------------------------------
     0 | Abyss:1  | iamserjio the Octopode Abyssal Knight began the quest for
                  | the Orb.
     0 | Abyss:1  | Reached XP level 1. HP: 16/16 MP: 2/2
    13 | D:1      | Escaped the Abyss
    15 | D:1      | Found a runed translucent door.
   149 | D:1      | Reached XP level 2. HP: 20/21 MP: 3/3
   922 | D:1      | Reached ** piety under Lugonu
   922 | D:1      | Reached XP level 3. HP: 24/27 MP: 4/4
  1265 | D:2      | Reached XP level 4. HP: 33/33 MP: 5/5
  1629 | D:2      | Noticed Sigmund
  1831 | D:3      | Found a shattered altar of Ashenzari.
  1911 | D:3      | Found a shimmering altar of Xom.
  1986 | D:3      | Found a white marble altar of Elyvilon.
  2240 | D:4      | Reached XP level 5. HP: 38/38 MP: 6/6
  2356 | D:4      | Found a stormy altar of Qazlal.
  2384 | D:4      | Got a brightly glowing hunting sling
  2385 | D:4      | Identified the +4 hunting sling of Onobikka {velocity, +Inv
                  | Int+3 Dex+4 Stlth-} (You found it on level 4 of the
                  | Dungeon)
  2448 | D:4      | Found an ornate altar of the Wu Jian Council.
  2506 | D:4      | Reached skill level 1 in Evocations
  2778 | D:4      | Reached XP level 6. HP: 44/45 MP: 8/8
  3235 | D:5      | Entered Level 5 of the Dungeon
  3236 | D:5      | Reached *** piety under Lugonu
  3256 | D:5      | Reached skill level 5 in Fighting
  3257 | D:5      | Noticed forest's ghost (amateur SpAs)
  3465 | D:5      | Found a transporter.
  3469 | D:5      | Found a transporter.
  3765 | D:5      | Reached XP level 7. HP: 38/50 MP: 9/9
  3863 | D:5      | Reached skill level 5 in Dodging
  4223 | D:5      | Found a shimmering blue altar of Sif Muna.
  4527 | D:5      | Identified Sif Muna's Collected Works on Bewitchment
  4574 | D:5      | Found a glowing silver altar of Zin.
  4861 | D:5      | Found a glowing golden altar of the Shining One.
  5092 | D:5      | Found a sparkling altar of Nemelex Xobeh.
  5154 | D:5      | Reached **** piety under Lugonu
  5245 | D:5      | Learned a level 1 spell: Confusing Touch
  5247 | D:5      | Learned a level 1 spell: Animate Skeleton
  5249 | D:5      | Learned a level 1 spell: Corona
  5259 | D:5      | Learned a level 1 spell: Apportation
  5434 | D:6      | Reached XP level 8. HP: 35/56 MP: 11/11
  5449 | D:6      | Reached skill level 1 in Hexes
  5449 | D:6      | Reached skill level 1 in Necromancy
  5655 | D:6      | Reached skill level 1 in Spellcasting
  5882 | D:6      | HP: 2/57 [orc/+0 flail (11)]
  5883 | D:6      | Mangled by an orc

Levels and vault maps discovered:
D:1:      dpeg_arrival_caged_fury, layout_basic, minmay_misc_feat_tower
D:2:      layout_loops_ring, supply_closet_lemuel, hangedman_glass_teeth,
          minmay_bisected, uniq_sigmund
D:3:      layout_loops_cross, elyvilon_altar_3, marbit_many_paths,
          lemuel_doored_altar, hex_large
D:4:      layout_loops_ring, kennysheep_little_box,
          nicolae_qazlal_general_emergency
D:5:      layout_basic, led_sif_book, zin_academy,
          lemuel_coloured_pillars_altar, gammafunk_ghost_hive, first_ration,
          nemelex_dance_club_becter
D:6:      layout_cave_pools, serial_shops, shop

Skill      XL: |  1  2  3  4  5  6  7  8 |
---------------+-------------------------+-----
Dodging        | 3 4 5 |  5.8
Fighting       | 4 5 |  5.7
Evocations     | 2 3 4 |  4.7
Invocations    | 3 |  3.0
Hexes          | 1 |  1.4
Necromancy     | 1 |  1.3
Spellcasting   | 1 |  1.2
Short Blades   | |  2.0

Action                   |  1- 3 |  4- 6 |  7- 9 || total
-------------------------+-------+-------+-------++-------
Melee: Short sword       |    70 |    46 |    67 ||   183
       Constrict         |    15 |    17 |    18 ||    50
       Tentacles         |     9 |    13 |    18 ||    40
 Fire: Hunting sling     |       |    93 |    69 ||   162
Evoke: Wand              |       |     1 |     5 ||     6
  Use: Potion            |       |       |     1 ||     1
 Stab: Sleeping          |     5 |       |       ||     5
       Distracted        |       |       |     1 ||     1
  Eat: Chunk             |     1 |     6 |     8 ||    15
Armor: Skin              |     8 |     7 |     2 ||    17
Dodge: Dodged            |    40 |    76 |    74 ||   190

Table legend:
 A = Non-vault XP
 B = Vault XP
 C = Vault XP percentage of total XP
 D = Non-vault monster count
 E = Vault monster count
 F = Vault count percentage of total count
                 A         B        C        D         E       F
            +---------+---------+-------+---------+---------+-------
      Total |    1311 |     206 |  13.6 |      98 |      18 |  15.5
            +---------+---------+-------+---------+---------+-------
        D:1 |      25 |      48 |  65.8 |      16 |      14 |  46.7
        D:2 |      36 |       0 |   0.0 |       6 |       0 |   0.0
        D:3 |      39 |       2 |   4.9 |      12 |       1 |   7.7
        D:4 |     275 |       0 |   0.0 |      19 |       0 |   0.0
        D:5 |     550 |     156 |  22.1 |      29 |       3 |   9.4
        D:6 |     386 |       0 |   0.0 |      16 |       0 |   0.0
            +---------+---------+-------+---------+---------+-------
